 Dungeon Crawl Stone Soup version 0.25-a0-420-g1cc7eeb0d1 (webtiles) character file.

Game seed: 4899380571842799696, levelgen mode: deterministic

129 ChaosChampion the Grave Robber (level 4, -1/30 HPs)
             Began as a Mummy Necromancer on Jan 18, 2020.
             Slain by Purgy (7 damage)
             ... on level 2 of the Dungeon.
             The game lasted 00:12:36 (2253 turns).

ChaosChampion the Grave Robber (Mummy Necromancer)  Turns: 2253, Time: 00:12:37

Health: -1/30      AC:  5    Str: 11    XL:     4   Next: 88%
Magic:  2/10       EV: 12    Int: 15    God:
Gold:   43         SH:  0    Dex: 12    Spells: 7/12 levels left

rFire    x . .     SeeInvis .   p - +4 quarterstaff (chaos)
rCold    + . .     Gourm    .   (shield currently unavailable)
rNeg     + + +     Faith    .   a - +0 robe
rPois    ∞         Spirit   .   (no helmet)
rElec    .         Reflect  .   q - +2 cloak
rCorr    .         Harm     .   (no gloves)
MR       .....                  (no boots)
Stlth    ++........             j - amulet of regeneration
HPRegen  0.50/turn              (no ring)
MPRegen  0.12/turn              (no ring)

@: no status effects
A: no food or potions, fire vulnerability, cold resistance 1, negative energy
resistance 3, torment resistance, unbreathing
a: no special abilities


You were on level 2 of the Dungeon.
You were not hungry.

You visited 1 branch of the dungeon, and saw 3 of its levels.

You collected 43 gold pieces.

Inventory:

Hand Weapons
 c - a +0 falchion of protection
 m - a +0 rapier
 p - a +4 quarterstaff of chaos (weapon)
Armour
 a - a +0 robe (worn)
 q - a +2 cloak (worn)
Jewellery
 j - an amulet of regeneration (around neck)
Wands
 d - a wand of enslavement (5)
Scrolls
 b - a scroll of blinking {unknown}
 e - a scroll of fog {unknown}
 f - 3 scrolls of enchant weapon {unknown}
 g - 2 scrolls of teleportation {unknown}
 i - 2 scrolls of amnesia {unknown}
 k - a scroll of fear {unknown}
 l - 2 scrolls of magic mapping {unknown}
 n - a scroll of identify {unknown}
 o - a scroll of immolation {unknown}


   Skills:
 * Level 0.2 Fighting
 - Level 1.6 Dodging
 - Level 1.6 Stealth
 * Level 4.7 Spellcasting
 * Level 5.2 Necromancy


You had 7 spell levels left.
You knew the following spells:

 Your Spells              Type           Power        Failure   Level  Hunger
a - Pain                  Necr           ###.         1%          1    N/A
b - Animate Skeleton      Necr           N/A          1%          1    N/A
c - Vampiric Draining     Necr           ###.......   6%          3    N/A

Your spell library contained the following spells:

 Spells                   Type           Power        Failure   Level  Hunger
 Animate Dead             Necr           N/A          21%         4    N/A
 Agony                    Necr           ###.....     50%         5    N/A

Dungeon Overview and Level Annotations

Branches:
Dungeon (3/15)

Altars:
Cheibriados
Dithmenos
Elyvilon
Hepliaklqana
Okawaru
Qazlal
The Shining One

Annotations:
D:2 Purgy


Innate Abilities, Weirdness & Mutations

You do not eat or drink.
Your flesh is vulnerable to fire.
You are immune to poison.
Your flesh is cold resistant. (rC+)
You are immune to negative energy. (rN+++)
You are immune to unholy pain and torment.
You can survive without breathing.


Message History

Purgy snarls, "Go!
Away!"
Purgy closely misses you. Purgy claws you.
* * * LOW HITPOINT WARNING * * *
Purgy claws you but does no damage.
There is a stone staircase leading up here.
You can't go down here!
Purgy bites you.
* * * LOW HITPOINT WARNING * * *
Purgy barely misses you. x2
You climb upwards.
There is a stone staircase leading down here.
You are too injured to fight recklessly!
Casting: Pain (safe; 1% risk of failure)
Confirm with . or Enter, or press ? or * to list all spells.
Aiming: Pain (safe; 1% risk of failure)
Press: ? - help, Shift-Dir - straight line, f - Purgy
Aim: Purgy (fast, chance to defeat MR: 84%) Purgy writhes in agony.
Purgy barely misses you. Purgy claws you but does no damage.
Purgy barely misses you. Purgy bites you!
You die...

#[###########.#### #.#
#..........######## #.#
#.#####.##....(...# #.# #.#
#.#########..
#########.#####.#####.###########
.##....).........................
....!.......##........########.#.
.##.#####...###.#####.# #.#.
###.# #.......@T....# #.#. # #.#
##.####.####### #.#. # #.#
#.####.# #... # #.# #......#
##... # #.# ######.# #.... # #.#
#.# ##... # #.# #.# ##.. ###.#
#.# #######. ....#########
#.###### #.......


You could see Purgy.

Vanquished Creatures
  Crazy Yiuf (D:2)
  Ijyb (D:3)
  An adder (D:3)
  2 worms
  4 dart slugs
  An orc (D:3)
  11 bats
  2 giant cockroaches
  6 goblins
  5 hobgoblins
  6 jackals
  A ball python (D:3)
  2 frilled lizards (D:1)
  4 kobolds
  2 rats
49 creatures vanquished.

Vanquished Creatures (collateral kills)
  A dart slug (D:1)
  A bat (D:1)
  2 goblins (D:1)
  A hobgoblin (D:1)
  A kobold (D:1)
6 creatures vanquished.

Grand Total: 55 creatures vanquished

Notes
Turn   | Place    | Note
-------+----------+-------------------------------------------
     0 | D:1      | ChaosChampion the Mummy Necromancer began the quest for the
                  | Orb.
     0 | D:1      | Reached XP level 1. HP: 13/13 MP: 4/4
     5 | D:1      | Learned a level 1 spell: Animate Skeleton
   162 | D:1      | Reached XP level 2. HP: 16/19 MP: 0/6
   553 | D:1      | Reached XP level 3. HP: 19/24 MP: 0/7
  1063 | D:2      | Learned a level 3 spell: Vampiric Draining
  1068 | D:2      | Found a hazy altar of Hepliaklqana.
  1126 | D:2      | Found a snail-covered altar of Cheibriados.
  1126 | D:2      | Found a glowing golden altar of the Shining One.
  1126 | D:2      | Found an iron altar of Okawaru.
  1126 | D:2      | Found a stormy altar of Qazlal.
  1185 | D:2      | Found a runed translucent door.
  1186 | D:2      | Noticed Crazy Yiuf
  1356 | D:2      | Found a white marble altar of Elyvilon.
  1937 | D:2      | Killed Crazy Yiuf
  1937 | D:2      | Reached XP level 4. HP: 20/30 MP: 0/10
  2142 | D:3      | Reached skill level 5 in Necromancy
  2144 | D:3      | Noticed Ijyb
  2161 | D:3      | Killed Ijyb
  2228 | D:3      | Noticed Purgy
  2230 | D:3      | Found a shadowy altar of Dithmenos.
  2253 | D:2      | Slain by Purgy

Levels and vault maps discovered:
D:1:      nzn_arrival_depleted_hourglass, layout_basic,
          chequers_serial_rivers_large_a
D:2:      layout_loops_ring, lemuel_crystal_altar, lemuel_doored_altar,
          chequers_temple_overflow_statue_of_worship, uniq_crazy_yiuf_cottage
D:3:      layout_rooms, yredelemnul_altar_generic,
          nicolae_dithmenos_shadow_blocks, first_ration, uniq_jessica,
          uniq_ijyb, uniq_purgy

Skill      XL: |  1  2  3  4 |
---------------+-------------+-----
Spellcasting   | 3 4 |  4.7
Necromancy     | 5 |  5.2
Fighting       | |  0.2
Dodging        | |  1.6
Stealth        | |  1.6

Action                   |  1- 3 |  4- 6 || total
-------------------------+-------+-------++-------
Melee: Unarmed           |    36 |       ||    36
       Quarterstaff      |       |    14 ||    14
 Cast: Pain              |    80 |    19 ||    99
       Animate Skeleton  |    11 |     3 ||    14
       Vampiric Draining |     3 |       ||     3
Armor: Robe              |    14 |    18 ||    32
Dodge: Dodged            |    53 |    33 ||    86

Table legend:
 A = Non-vault XP
 B = Vault XP
 C = Vault XP percentage of total XP
 D = Non-vault monster count
 E = Vault monster count
 F = Vault count percentage of total count
                 A         B        C        D         E       F
            +---------+---------+-------+---------+---------+-------
      Total |     110 |      75 |  40.5 |      53 |       2 |   3.6
            +---------+---------+-------+---------+---------+-------
        D:1 |      55 |       0 |   0.0 |      30 |       0 |   0.0
        D:2 |      23 |      41 |  64.1 |      12 |       1 |   7.7
        D:3 |      32 |      34 |  51.5 |      11 |       1 |   8.3
            +---------+---------+-------+---------+---------+-------
